 Dungeon Crawl Stone Soup version 0.25-a0-308-geac7954 (webtiles) character file.

Game seed: 15195656051243444199, levelgen mode: deterministic

11 Dietz the Conjurer (level 2, -2/20 HPs)
             Began as a Draconian Conjurer on Dec 22, 2019.
             Slain by a gnoll
             ... wielding a +0 halberd
              (9 damage)
             ... on level 1 of the Dungeon.
             The game lasted 00:00:42 (310 turns).

Dietz the Conjurer (Draconian Conjurer)              Turns: 310, Time: 00:00:43

Health: -2/20      AC: 11    Str: 10    XL:     2   Next: 13%
Magic:  5/5        EV: 12    Int: 15    God:
Gold:   15         SH:  0    Dex: 11    Spells: 4/5 levels left

rFire    . . .     SeeInvis .   c - +0 dagger (protect)
rCold    . . .     Gourm    .   (no shield)
rNeg     . . .     Faith    .   (armour unavailable)
rPois    .         Spirit   .   (helmet restricted)
rElec    .         Reflect  .   (no cloak)
rCorr    .         Harm     .   (no gloves)
MR       .....                  (no boots)
Stlth    ++........             (no amulet)
HPRegen  0.06/turn              (no ring)
MPRegen  0.09/turn              (no ring)

@: protection aura
A: unfitting armour, cold-blooded, AC +4
a: no special abilities


You were on level 1 of the Dungeon.
You were not hungry.

You visited 1 branch of the dungeon, and saw 1 of its levels.

You collected 15 gold pieces.

Inventory:

Hand Weapons
 c - a +0 dagger of protection (weapon)
Scrolls
 a - a scroll of teleportation {unknown}
 d - 2 scrolls of fog {unknown}
Comestibles
 b - 2 rations
 f - a chunk of flesh


   Skills:
 - Level 1.7 Dodging
 - Level 1.7 Stealth
 - Level 2.0 Spellcasting
 + Level 4.5 Conjurations


You had 4 spell levels left.
You knew the following spells:

 Your Spells              Type           Power        Failure   Level  Hunger
a - Magic Dart            Conj           ###.         3%          1    #......

Your spell library contained the following spells:

 Spells                   Type           Power        Failure   Level  Hunger
 Searing Ray              Conj           ###...       5%          2    ###....
 Dazzling Flash           Conj/Hex       #.....       26%         3    ###....
 Fulminant Prism          Conj/Hex       #.........   65%         4    #####..
 Iskenderun's Mystic Bla  Conj/Tloc      #.......     65%         4    #####..


Dungeon Overview and Level Annotations

Branches:
Dungeon (1/15)

Altars:


Innate Abilities, Weirdness & Mutations

Your plain brown scales are hard. (AC +4)
You cannot fit into any form of body armour.
You are cold-blooded and may be slowed by cold attacks.


Message History

The gnoll is moderately wounded.
The gnoll closely misses you.
You closely miss the gnoll.
The gnoll is moderately wounded.
The gnoll barely misses you.
You hit the gnoll but do no damage.
The gnoll is moderately wounded.
The gnoll closely misses you.
You hit the gnoll.
The gnoll is heavily wounded.
The gnoll barely misses you.
You closely miss the gnoll.
Your tail-slap misses the gnoll.
The gnoll is heavily wounded.
You hit the gnoll.
The gnoll is heavily wounded.
The gnoll hits you but does no damage.
You barely miss the gnoll.
The gnoll is heavily wounded.
The gnoll hits you with a +0 halberd!
You die...

......... #.......#
..%...... #.g.>...#
..?...... ##.......#
#......... ######†#.#.#.
#...@gs.....# #######
#.#########.#
##.....###.####
#.............#
#..###.#####..# #.# ..# #..#
#.# .# #..###.#####..#
#..##..........#############


You could see a gnoll and a giant cockroach.

Vanquished Creatures
  An ooze (D:1)
  A leopard gecko (D:1)
  A hobgoblin (D:1)
  A frilled lizard (D:1)
  3 rats (D:1)
7 creatures vanquished.

Notes
Turn   | Place    | Note
-------+----------+-------------------------------------------
     0 | D:1      | Dietz the Draconian Conjurer began the quest for the Orb.
     0 | D:1      | Reached XP level 1. HP: 14/14 MP: 3/3
   288 | D:1      | Reached XP level 2. HP: 20/20 MP: 5/5
   310 | D:1      | Slain by a gnoll

Levels and vault maps discovered:
D:1:      dpeg_arrival_circle_labyrinth_c, layout_loops_ring, st_stairs_4,
          chequers_avenue

Action                   || total
-------------------------++-------
Melee: Dagger            ||    34
       Tailslap          ||     3
 Cast: Magic Dart        ||     2
Armor: Skin              ||     8
Dodge: Dodged            ||    27

Table legend:
 A = Non-vault XP
 B = Vault XP
 C = Vault XP percentage of total XP
 D = Non-vault monster count
 E = Vault monster count
 F = Vault count percentage of total count
                 A         B        C        D         E       F
            +---------+---------+-------+---------+---------+-------
      Total |       7 |       9 |  56.2 |       4 |       3 |  42.9
            +---------+---------+-------+---------+---------+-------
        D:1 |       7 |       9 |  56.2 |       4 |       3 |  42.9
            +---------+---------+-------+---------+---------+-------
